 Dungeon Crawl Stone Soup version 0.32-a0-872-g59262bd (webtiles) character file.

Game seed: 8946465777643062165

9160 RobotCleanerRider the Grappler (level 11, -4/115 HPs)
             Began as a Troll Fighter on Mar 30, 2024.
             Was a High Priest of Wu Jian.
             Slain by a troll (9 damage)
             ... on level 11 of the Dungeon.
             The game lasted 00:17:03 (7755 turns).

RobotCleanerRider the Grappler (Troll Fighter)      Turns: 7755, Time: 00:17:04

Health: -4/115     AC:  8    Str: 30    XL:     11   Next: 19%
Magic:  10/10      EV:  8    Int:  4    God:    Wu Jian [*****.]
Gold:   484        SH: 10    Dex:  9    Spells: 10/10 levels left

rFire   . .          .
                       - Unarmed
rCold   . . .        b - +0 kite shield
rNeg    . . .        C - +0 steam dragon scales
rPois   .            U - +1 hat {Will+}
rElec   .            (no cloak)
rCorr   +            (gloves unavailable)
SInv    .            (boots unavailable)
Will    +....        (no amulet)
Stlth   +            g - +4 ring of slaying
HPRegen 1.19/turn    o - ring of resist corrosion
MPRegen 0.12/turn

%: no passive effects
@: studying Shields
A: large, unfitting armour, claws 3, regeneration 1, shaggy fur 1, tough skin 1
a: Renounce Religion, Wall Jump, Serpent's Lash, Heavenly Storm


You were on level 11 of the Dungeon.
You worshipped Wu Jian.
Wu Jian was extremely pleased with you.
You visited 1 branch of the dungeon, and saw 11 of its levels.
You also visited: Ossuary.

You collected 645 gold pieces.
You spent 161 gold pieces at shops.

Inventory:

Missiles
 S - 3 throwing nets (quivered)
Armour
 b - a +0 kite shield (worn)
 j - a +1 robe
 C - +0 steam dragon scales (worn)
 F - +0 swamp dragon scales
 U - a +1 hat of willpower (worn)
Jewellery
 g - a +4 ring of slaying (left claw)
 k - a ring of positive energy
 o - a ring of resist corrosion (right claw)
 x - a ring of willpower
 y - a ring of poison resistance
 P - a +6 ring of intelligence
 Q - a ring of protection from cold
Wands
 m - a wand of iceblast (14)
 w - a wand of paralysis (21)
 D - a wand of mindburst (5)
 G - a wand of flame (8)
 L - a wand of polymorph (12)
Scrolls
 a - 8 scrolls of identify {unknown}
 d - 2 scrolls of fog {unknown}
 h - 4 scrolls of noise {unknown}
 n - a scroll of vulnerability {unknown}
 q - a scroll of poison {unknown}
 r - 3 scrolls of fear {unknown}
 t - a scroll of brand weapon {unknown}
 u - a scroll of immolation {unknown}
 E - 3 scrolls of teleportation {unknown}
 K - a scroll of revelation {unknown}
 N - a scroll of enchant armour {unknown}
 O - 2 scrolls of enchant weapon {unknown}
 T - a scroll of acquirement {unknown}
Potions
 c - 2 potions of might
 e - 2 potions of invisibility {unknown}
 f - 2 potions of magic {unknown}
 i - 7 potions of enlightenment {unknown}
 l - 8 potions of curing {unknown}
 p - 2 potions of ambrosia {unknown}
 s - 2 potions of mutation {unknown}
 v - a potion of attraction {unknown}
 z - 3 potions of cancellation {unknown}
 A - a potion of resistance {unknown}
 B - a potion of berserk rage {unknown}
 H - 4 potions of degeneration {unknown}
 I - 3 potions of haste {unknown}
 J - 3 potions of lignification {unknown}
 M - a potion of heal wounds {unknown}
 R - a potion of brilliance {unknown}
Miscellaneous
 V - a condenser vane


   Skills:
 + Level 9.0 Fighting
 + Level 1.4 Armour
 - Level 2.4 Dodging
 + Level 9.7 Shields
 + Level 10.3 Unarmed Combat


You had 10 spell levels left.
You didn't know any spells.
Your spell library contained the following spells:

 Spells                   Type           Power      Damage    Failure   Level
 Static Discharge         Conj/Air       0%         3-3/arc   80%         2
 Frozen Ramparts          Ice            0%         1d1       95%         3
 Ozocubu's Armour         Ice            0%         N/A       95%         3
 Volatile Blastmotes      Fire/Tloc      0%         2d10      95%         3
 Airstrike                Air            0%         2d(0-16)  100%        4
 Cause Fear               Hex            0%         N/A       100%        4
 Fulminant Prism          Conj/Alch      0%         3d5       100%        4
 Iskenderun's Mystic Bla Conj/Tloc 0%             2d3        (+2d1     100%        4
 Summon Lightning Spire   Summ/Air       0%         N/A       100%        4
 Fireball                 Conj/Fire      0%         3d3       100%        5
 Metabolic Englaciation   Hex/Ice        0%         N/A       100%        5
 Dispersal                Tloc           0%         N/A       100%        6
 Gell's Gavotte           Tloc           0%         2d(11-16) 100%        6
 Manifold Assault         Tloc           0%         N/A       100%        7
 Disjunction              Tloc           0%         N/A       100%        8
 Dragon's Call            Summ           0%         N/A       100%        9


Dungeon Overview and Level Annotations

Branches:
Dungeon (11/15)            Temple (0/1) D:4            Lair (0/5) D:8
Ossuary (visited)
    Orc: D:9-12

Altars:
Ashenzari
Nemelex Xobeh
Vehumet
Wu Jian
Yredelemnul
Zin

Shops:
D:10 [


Innate Abilities, Weirdness & Mutations

You are too large for most types of armour.
You have claws for hands.
Your natural rate of healing is unusually fast.
You are covered in fur. (AC +1)
You have tough skin. (AC +1)


Message History

You barely miss the manticore. You completely miss the manticore.
You block the manticore's attack.
The manticore claws you but does no damage. x2
You claw the manticore!
The manticore is lightly wounded.
The troll bites you! The troll claws you! You block the troll's attack.
The manticore bites you but does no damage.
You block the manticore's attack. The manticore claws you. The troll bites you.
The troll claws you. x2
You mangle the manticore!!
The manticore is severely wounded.
You block the troll's attack. The troll claws you but does no damage.
The troll claws you!
The manticore bites you but does no damage.
The manticore claws you. The manticore closely misses you.
The troll barely misses you. x2; You block the troll's attack.
You mangle the manticore!!
You kill the manticore!
The Council accepts your kill. The troll bites you. The troll claws you.
You block the troll's attack. x3
The troll closely misses you.
Your Fighting skill increases to level 9!
You barely miss the troll.
You carefully extract the barbed spikes from your body.
You block the troll's attack. The troll claws you. The troll barely misses you.
You block the troll's attack. The troll claws you.
The troll completely misses you.
You mangle the troll!!
The troll is severely wounded.
The troll barely misses you. The troll claws you. The troll claws you!
* * * LOW HITPOINT WARNING * * *
The manticore bites you!!
* * * LOW HITPOINT WARNING * * *
The manticore claws you!
* * * LOW HITPOINT WARNING * * *
The manticore claws you but does no damage.
The troll bites you.
* * * LOW HITPOINT WARNING * * *
The troll claws you!
You die...

....# # ...#.
...#. ... ..#
#
######.###.##
#...T.H.....#
#....@T.....#
#.....#.......
+....!+.......
#.....#...#...
########......
###... ... ..


You could see a manticore and 2 trolls.

Vanquished Creatures
  Harold (D:9)
  Erica (D:8)
  Pikel (D:9)
  A manticore (D:11)
  Maggie (D:6)
  Grinder (D:4)
  Sigmund (D:2)
  A wraith (D:10)
  8 yaks
  A shadow (D:7)
  3 steam dragons
  2 orc warriors
  2 ogres (D:6)
  5 black bears
  2 sky beasts
  2 centaurs
  2 phantoms
  A lemure (D:9)
  2 kobold brigands
  A weeping skull (Ossuary)
  4 bullfrogs
  A scorpion (D:4)
  6 water moccasin zombies (Ossuary)
  17 wights
  4 howler monkeys
  2 vampire bats (D:8)
  7 electric eels (D:8)
  2 jellies
  2 orc priests
  3 hounds
  2 gnoll boudas
  4 iguanas
  Natasha (thrice) (D:3)
  8 orc wizards
  2 crocodile zombies (Ossuary)
  A bullfrog simulacrum (Ossuary)
  2 mummies (Ossuary)
  Robin (D:4)
  13 gnolls
  9 adders
  2 shadow imps (D:7)
  2 white imps (D:6)
  2 ufetubi (D:5)
  3 adder zombies (Ossuary)
  A dart slug (D:5)
  19 orcs
  8 endoplasms
  4 giant cockroaches
  16 goblins
  10 hobgoblins
  5 quokkas
  8 ball pythons
  7 bats
  6 frilled lizards
  13 gnoll zombies (Ossuary)
  4 jackal zombies
  23 kobolds
  5 orc zombies
  7 rats
277 creatures vanquished.

Vanquished Creatures (others)
  A scorpion (D:6)
1 creature vanquished.

Grand Total: 278 creatures vanquished

Notes
Turn   | Place    | Note
-------+----------+-------------------------------------------
     0 | D:1      | RobotCleanerRider the Troll Fighter began the quest for the
                  | Orb.
     0 | D:1      | Reached XP level 1. HP: 22/22 MP: 0/0
   124 | D:1      | Reached XP level 2. HP: 27/29 MP: 1/1
   619 | D:2      | Reached XP level 3. HP: 36/36 MP: 2/2
   871 | D:2      | Noticed Sigmund
   881 | D:2      | Killed Sigmund
   882 | D:2      | Reached skill level 3 in Unarmed Combat
   882 | D:2      | Reached XP level 4. HP: 40/46 MP: 3/3
   882 | D:2      | Reached XP level 5. HP: 46/53 MP: 4/4
   982 | D:2      | Found a faded altar of an unknown god.
  1054 | D:2      | Prayed at the altar of an unknown god.
  1054 | D:2      | Became a worshipper of the Wu Jian Council
  1054 | D:2      | Reached * piety under Wu Jian
  1700 | D:3      | Reached XP level 6. HP: 62/62 MP: 5/5
  1827 | D:3      | Reached skill level 4 in Unarmed Combat
  1963 | D:3      | Noticed Natasha
  1966 | D:3      | Killed Natasha
  2007 | D:3      | Noticed Natasha
  2012 | D:3      | Killed Natasha
  2164 | D:3      | Noticed Natasha
  2169 | D:3      | Killed Natasha
  2196 | D:4      | Reached ** piety under Wu Jian
  2197 | D:4      | Noticed Robin
  2201 | D:4      | Killed Robin
  2420 | D:4      | Reached XP level 7. HP: 58/71 MP: 6/6
  2629 | D:4      | Noticed Grinder
  2629 | D:4      | Paralysed by Grinder for 4 turns
  2643 | D:4      | Killed Grinder
  2644 | D:4      | Reached skill level 5 in Shields
  2644 | D:4      | Reached skill level 5 in Unarmed Combat
  2724 | D:4      | Found a staircase to the Ecumenical Temple.
  3045 | D:4      | Reached skill level 5 in Fighting
  3155 | D:5      | Entered Level 5 of the Dungeon
  3207 | D:5      | Reached XP level 8. HP: 67/80 MP: 7/7
  3209 | D:5      | Reached *** piety under Wu Jian
  3242 | D:5      | Reached skill level 6 in Unarmed Combat
  4118 | D:6      | Reached skill level 7 in Unarmed Combat
  4144 | D:6      | Reached XP level 9. HP: 89/89 MP: 8/8
  4268 | D:6      | Reached **** piety under Wu Jian
  4354 | D:6      | Noticed Maggie
  4367 | D:6      | Killed Maggie
  4716 | D:7      | Reached skill level 8 in Unarmed Combat
  4839 | D:7      | Found a glowing silver altar of Zin.
  4862 | D:7      | Found a sand-covered staircase.
  4871 | Ossuary  | Entered an ossuary
  4993 | Ossuary  | Reached ***** piety under Wu Jian
  5170 | D:7      | Reached XP level 10. HP: 102/102 MP: 9/9
  5637 | D:8      | Reached skill level 9 in Unarmed Combat
  5932 | D:8      | Found a staircase to the Lair.
  5952 | D:8      | Noticed Erica
  5964 | D:8      | Killed Erica
  6066 | D:8      | Found a broken altar of Ashenzari.
  6687 | D:9      | Noticed Harold
  6696 | D:9      | Killed Harold
  6697 | D:9      | Reached skill level 10 in Unarmed Combat
  6779 | D:9      | Reached XP level 11. HP: 65/113 MP: 10/10
  7000 | D:9      | Found a basalt altar of Yredelemnul.
  7262 | D:9      | Noticed Pikel
  7269 | D:9      | Killed Pikel
  7270 | D:9      | Reached skill level 1 in Armour
  7320 | D:10     | Entered Level 10 of the Dungeon
  7356 | D:10     | Identified the +11 hand axe "Taic" {drain, rPois rN+ MP-9
                  | Dex+2}
  7566 | D:10     | Found Uruoqo's Antique Armour Shop.
  7575 | D:10     | Bought an embroidered hat for 161 gold pieces
  7702 | D:10     | Found a sparkling altar of Nemelex Xobeh.
  7704 | D:10     | Found a radiant altar of Vehumet.
  7755 | D:11     | HP: 5/115 [troll (1)]
  7755 | D:11     | Slain by a troll

Illustrated notes

Levels and vault maps discovered:
D:1:      roderic_octagonal_star, layout_rooms
D:2:      layout_basic, chequers_ecumenical_altar_simple, grunt_ministairs_5,
          minmay_diced_spiral, uniq_sigmund
D:3:      layout_basic, uniq_natasha
D:4:      cheibrodos_barr_body, layout_loops_corners, minmay_temple_entry_ruins,
          kennysheep_doodads, minmay_misc_feat_room, uniq_grinder, uniq_robin
D:5:      layout_cave_pods
D:6:      layout_basic, serial_bayou_crossing, uniq_maggie
D:7:      layout_loops_ring, zin_scriptorium, enter_ossuary_3,
          minmay_misc_feat_rugged
D:8:      layout_basic, mainiacjoe_overflow_alcove_2, lair_entry_dummy,
          chequers_serial_rivers_room_b, roderic_batcave, kennysheep_boxes,
          uniq_erica
D:9:      layout_small_grid, mainiacjoe_overflow_catwalk, uniq_harold,
          uniq_pikel
D:10:     layout_roguey, minitemple, serial_shops,
          nicolae_shop_advertising_works [nicolae_subvault_shop_adworks]
D:11:     layout_basic, serial_curves, eino_curves_02, eino_curves_04

Skill      XL: |  1  2  3  4  5  6  7  8  9 10 11 |
---------------+----------------------------------+-----
Shields        | 3 4 5 6 8 9 |  9.7
Fighting       | 3 4 5 6 7 8 9 |  9.0
Unarmed Combat | 3 4 5 7 8 10 | 10.3
Armour         | 1 |  1.4
Dodging        | |  2.4

Action                     |  1- 3 |  4- 6 |  7- 9 | 10-12 || total
---------------------------+-------+-------+-------+-------++-------
  Melee: Unarmed           |    92 |   116 |   264 |   217 ||   689
Ability: Lunge             |       |    16 |    29 |    25 ||    70
         Whirlwind         |       |     2 |    38 |    37 ||    77
         Wall Jump         |       |       |       |     1 ||     1
   Stab: Sleeping          |     1 |       |       |       ||     1
 Armour: Robe              |    52 |    46 |    57 |       ||   155
         Steam dragon scal |       |       |    35 |    95 ||   130
  Dodge: Dodged            |    29 |    29 |    41 |    37 ||   136
  Block: Kite shield       |    17 |    39 |    70 |    67 ||   193

Table legend: (Time is in decaauts)
 A = Elapsed time spent in this place.
 B = Non-inter-level travel time spent in this place.
 C = Inter-level travel time spent in this place.
 D = Time resting spent in this place.
 E = Time spent auto-exploring this place.
 F = Levels seen in this place.
 G = Mean time per level.
                   A        B        C        D        E       F      G
               +--------+--------+--------+--------+--------+-----+--------+
         Total |   7787 |   7329 |    458 |     66 |   5713 |  12 |  648.9 |
       Dungeon |   7618 |   7160 |    458 |     66 |   5647 |  11 |  692.5 |
       Ossuary |    168 |    168 |      0 |      0 |     66 |   1 |  168.0 |
               +--------+--------+--------+--------+--------+-----+--------+

Top non-repeatable levels by time:
     D:8: 1114 daAuts
     D:2: 1012 daAuts
     D:4: 984 daAuts
     D:6: 803 daAuts
     D:5: 739 daAuts
     D:7: 710 daAuts
     D:9: 643 daAuts
     D:1: 609 daAuts
     D:3: 565 daAuts
    D:10: 428 daAuts
 Ossuary: 168 daAuts
    D:11: 7 daAuts
